 Dungeon Crawl Stone Soup version 0.26.1-11-gd32895ea62 (webtiles) character file.

Game seed: 4064840238943614066

55 ubername the Chiller (level 3, -1/24 HPs)
             Began as a Barachi Ice Elementalist on June 4, 2021.
             Slain by a gnoll
             ... wielding a +0 halberd
              (17 damage)
             ... on level 2 of the Dungeon.
             The game lasted 00:05:05 (2048 turns).

ubername the Chiller (Barachi Ice Elementalist)     Turns: 2048, Time: 00:05:06

Health: -1/24      AC:  2    Str:  9    XL:     3   Next: 93%
Magic:  2/6        EV: 13    Int: 16    God:
Gold:   94         SH:  0    Dex: 12    Spells: 6/7 levels left

rFire    . . .     SeeInvis .   b - +0 hunting sling
rCold    . . .     Faith    .   (no shield)
rNeg     . . .     Spirit   .   d - +0 robe
rPois    .         Reflect  .   (no helmet)
rElec    .         Harm     .   (no cloak)
rCorr    .         Rampage  .   (no gloves)
Will     .....                  (no boots)
Stlth    ++........             (no amulet)
HPRegen  0.08/turn              (no ring)
MPRegen  0.10/turn              (no ring)

@: slow
A: +LOS, swims, slowness 1, strong legs 1
a: Hop


You were on level 2 of the Dungeon.
You visited 1 branch of the dungeon, and saw 3 of its levels.

You collected 94 gold pieces.

Inventory:

Hand Weapons
 a - a +2 short sword of speed
 b - a +0 hunting sling (weapon)
 l - a +0 club
 o - a +0 mace
Missiles
 c - 61 stones (quivered ammo)
Armour
 d - a +0 robe (worn)
Scrolls
 e - 2 scrolls of remove curse {unknown}
 f - a scroll of teleportation {unknown}
 g - 3 scrolls of identify {unknown}
 i - 2 scrolls of noise {unknown}
 k - a scroll of amnesia {unknown}
 m - a scroll of immolation {unknown}
Potions
 h - a potion of heal wounds {unknown}
 j - a potion of might {unknown}
 n - 2 potions of brilliance {unknown}


   Skills:
 + Level 0.5(1.1) Slings
 + Level 1.3(1.4) Throwing
 * Level 2.7 Dodging
 + Level 2.0 Stealth
 * Level 2.5 Spellcasting
 + Level 5.3 Ice Magic


You had 6 spell levels left.
You knew the following spells:

 Your Spells              Type           Power        Failure   Level
a - Freeze                Ice            76%          2%          1

Your spell library contained the following spells:

 Spells                   Type           Power        Failure   Level
 Frozen Ramparts          Ice            38%          6%          3
 Ozocubu's Armour         Ice            19%          6%          3
 Hailstorm                Conj/Ice       10%          54%         4
 Summon Ice Beast         Ice/Summ       10%          54%         4


Dungeon Overview and Level Annotations

Branches:
Dungeon (3/15)

Altars:


Innate Abilities, Weirdness & Mutations

You can be seen from farther away. (+LOS)
You can swim through water.
You cover ground slowly.
You can hop short distances.


Message History

The gnoll misses you. The gnoll barely misses you.
Casting: Freeze (safe; 2% risk of failure)
Confirm with . or Enter, or press ? or * to list all spells.
Aiming: Freeze (safe; 2% risk of failure)
Press: ? - help, Shift-Dir - straight line, f/p - gnoll
Aim: a gnoll, wielding a +0 whip (moderately wounded)
You freeze the gnoll!
The gnoll is severely wounded.
The gnoll misses you. The gnoll hits you with a +0 whip.
Casting: Freeze (safe; 2% risk of failure)
Confirm with . or Enter, or press ? or * to list all spells.
Aiming: Freeze (safe; 2% risk of failure)
Press: ? - help, Shift-Dir - straight line, f/p - gnoll
Aim: a gnoll, wielding a +0 whip (severely wounded)
You freeze the gnoll!
You kill the gnoll!
The gnoll barely misses you.
The gnoll hits you from afar with a +0 halberd!
Ouch! That really hurt!
You die...

..... #..........###...##
...... #..........# #.<..#
....(.##(.........###....#
#g!....(.(..........##...######
#.......(.........#...........#
......##..).......####........#
...... #....÷g....# #........#
.#... #......†...####........#
### #......)@..#...........#
##........#..##........#
##.........###........#
#######.(...#........# ###
#....###.##########
...###########.#### #.##
#..........†..# #..###
##............## ##...##
##..............########..#


You could see a gnoll.

Vanquished Creatures
  3 gnolls
  A dart slug (D:1)
  2 leopard geckos (D:2)
  2 bats (D:2)
  2 goblins
  5 hobgoblins (D:1)
  5 kobolds
  2 rats (D:1)
22 creatures vanquished.

Notes
Turn   | Place    | Note
-------+----------+-------------------------------------------
     0 | D:1      | ubername the Barachi Ice Elementalist began the quest for
                  | the Orb.
     0 | D:1      | Reached XP level 1. HP: 13/13 MP: 3/3
   220 | D:1      | Reached skill level 5 in Ice Magic
   345 | D:1      | Reached XP level 2. HP: 8/19 MP: 1/5
  1631 | D:2      | Reached skill level 1 in Throwing
  1730 | D:3      | Reached XP level 3. HP: 3/24 MP: 1/6
  2048 | D:2      | Slain by a gnoll

Illustrated notes

Levels and vault maps discovered:
D:1:      minmay_arrival_split_and_join, layout_basic, minmay_misc_feat_tower,
          hex_intersection
D:2:      layout_rooms, trog_three_pillars_becter
D:3:      minmay_goblin_kobold_castle, layout_basic

Skill      XL: |  1  2  3 |
---------------+----------+-----
Ice Magic      | 5 |  5.3
Throwing       | 1 |  1.3
Stealth        | 2 |  2.0
Slings         | |  0.5
Dodging        | |  2.7
Spellcasting   | |  2.5

Action                   || total
-------------------------++-------
Melee: Club              ||    11
 Fire: Hunting sling     ||    20
Throw: Stone             ||    20
 Cast: Freeze            ||    30
Armor: Robe              ||     1
Dodge: Dodged            ||    23
